AoeStats
← MooseMooch

Arabia

509171046Analyzed
1v1 RM · 6d ago on Sep 25, 2026· 33m 20s· 2 players
Game mode
Random Map
Map size
Tiny (2 player)
Population
200
Speed
Normal
Resources
Standard
Victory
Conquest
Starting age
Dark Age
Ending age
Imperial Age
RankedLock teamsTeams togetherTeam positionsShared explorationLock speedFull tech treeHidden civsTurbo modeCheats
Victory
Defeat
🇩🇪 Bengalis · Germany
1282
+16
🇺🇸 Jurchens · United States
1290
-16
MooseMooch
6:29 Loom
8:48 Feudal Age
10:48 Double-Bit Axe
10:55 Horse Collar
18:19 Wheelbarrow
20:27 Castle Age
19:42 Fletching
19:46 Gold Mining
20:41 Bloodlines
21:55 Bodkin Arrow
22:03 Husbandry
22:15 Bow Saw
23:11 Heavy Plow
26:39 Ballistics
26:35 Padded Archer Armor
Chakax
6:42 Loom
9:30 Feudal Age
10:20 Double-Bit Axe
12:24 Forging
15:45 Wheelbarrow
21:09 Castle Age
20:22 Scale Barding Armor
20:29 Bloodlines
21:33 Gold Mining
22:24 Husbandry
22:28 Horse Collar
23:45 Bow Saw
25:03 Iron Casting
Connection lost

Rejoining the realm…

Still unreachable

The connection could not be restored.

Session expired

The server has moved on; the page needs a fresh start.